 Dungeon Sprint DCSS version 0.29-a0-284-gf9362112df (webtiles) character file.

Game seed: 12295437182021952671

6703 mhtbhm the Warrior (level 10, -2/171 HPs)
             Began as a Minotaur Berserker on Mar 27, 2022.
             Was the Champion of Trog.
             Slain by a demonic crawler (10 damage)
             ... in the Dungeon (Sprint I: "Red Sonja").
             The game lasted 00:03:50 (2093 turns).

mhtbhm the Warrior (Minotaur Berserker)             Turns: 2093, Time: 00:03:51

Health: -2/171     AC: 14    Str: 27    XL:     10   Next: 74%
Magic:  9/9        EV: 12    Int:  4    God:    Trog [******]
Gold:   1059       SH:  0    Dex:  9    Spells: 9/9 levels left

rFire   . . .      SeeInvis .   a - +2 halberd (vamp)
rCold   . . .      Faith    .   (shield currently unavailable)
rNeg    . . .      Spirit   .   b - +2 chain mail {Will+}
rPois   +          Reflect  .   (helmet restricted)
rElec   .          Harm     .   u - scarf {shadows}
rCorr   .          Rampage  .   (no gloves)
Will    +....      NoTele   +   (no boots)
Stlth   ..........              (no amulet)
HPRegen 0.38/turn               l - ring of poison resistance
MPRegen 0.11/turn               (no ring)

@: berserking (expiring), very quick
A: horns 2, retaliatory headbutt
a: Renounce Religion, Berserk, Trog's Hand, Brothers in Arms


You were in the Dungeon.
You worshipped Trog.
Trog was exalted by your worship.
You visited 1 branch You collected 1983 gold pieces.
You spent 924 gold pieces at shops.

Inventory:

Hand Weapons
 a - a +2 vampiric halberd (weapon)
Missiles
 m - 4 curare-tipped darts (quivered)
Armour
 b - a +2 chain mail of willpower (worn)
 u - a scarf of shadows (worn)
Jewellery
 l - a ring of poison resistance (left hand)
Wands
 i - a wand of polymorph (4)
Scrolls
 h - 2 scrolls of blinking
 j - a scroll of torment {unknown}
 k - a scroll of enchant armour {unknown}
 n - a scroll of vulnerability {unknown}
 o - a scroll of magic mapping {unknown}
Potions
 c - 4 potions of curing
 d - a potion of heal wounds
 e - a potion of haste
 f - 3 potions of magic
 g - 2 potions of berserk rage
 p - a potion of degeneration {unknown}
 q - a potion of lignification {unknown}
 r - a potion of resistance {unknown}
 v - a potion of flight
Miscellaneous
 s - a phantom mirror
 t - a phial of floods


   Skills:
 + Level 18.5 Fighting
 + Level 16.9 Polearms
 + Level 3.9 Throwing
 + Level 11.6 Armour
 + Level 11.6 Dodging
 + Level 3.6 Stealth
 - Level 4.0 Unarmed Combat


You had 9 spell levels left.
You didn't know any spells.
Your spell library was empty.

Dungeon Overview and Level Annotations

Branches:
Dungeon (1/1)

Altars:
Cheibriados
Dithmenos
Elyvilon
Fedhas
Gozag
Hepliaklqana
Kikubaaqudgha
Makhleb
Nemelex Xobeh
Okawaru
Qazlal
Ru
Sif Muna
Trog
Uskayaw
Vehumet
Wu Jian
Xom
Yredelemnul
Zin
The Shining One
Jiyva
Lugonu

Shops:
D :*:*(:(((([[([([[


Innate Abilities, Weirdness & Mutations

You have a pair of horns on your head.
You reflexively headbutt those who attack you in melee.


Message History

* * * LOW HITPOINT WARNING * * *
The demonic crawler hits you but does no damage.
Unknown command.
You hit the demonic crawler.
The demonic crawler is heavily wounded.
You slice the demonic crawler!!
Your headbutt misses the demonic crawler.
The demonic crawler is almost dead.
The demonic crawler hits you.
* * * LOW HITPOINT WARNING * * *
The demonic crawler hits you!
* * * LOW HITPOINT WARNING * * *
The demonic crawler barely misses you.
The gargoyle hurls a stone arrow at you.
The stone arrow misses you.
You slice the demonic crawler!!
You kill the demonic crawler!
Trog accepts your kill.
The gargoyle hurls a stone arrow at you.
The stone arrow hits you!
* * * LOW HITPOINT WARNING * * *
You see here a +0 halberd of flaming.
You impale the gargoyle!!
You destroy the gargoyle!
Trog accepts your kill.
You hit the demonic crawler but do no damage.
Unknown command.
You barely miss the demonic crawler.
The demonic crawler hits you but does no damage.
The demonic crawler hits you!
* * * LOW HITPOINT WARNING * * *
The demonic crawler barely misses you.
You impale the demonic crawler!! You headbutt the demonic crawler!
The demonic crawler is severely wounded.
You slash the demonic crawler! You headbutt the demonic crawler!
The demonic crawler is almost dead.
The demonic crawler closely misses you.
The demonic crawler hits you but does no damage.
The demonic crawler hits you!
You die...

##################
.#..'..#__#..)...#
.').#..'..'..#..†##+#
'#####'#__####..@s..#
.#...#.####.[#####..+
##..##.#§≈≈.)#.§# '##
_##'#_.'≈§≈§.'§.# .
..'..._#≈≈≈.§#..# .○
_##_.#'##'#####'###
.○
_###)#.#..:.###§§.#
####.####'###.###§#
..'...'.....')∩##.#


You could see a demonic crawler.

Vanquished Creatures
  2 centaur warriors (D)
  Sonja (D)
  A deep troll (D)
  An oklob plant (D)
  A gargoyle (D)
  3 demonic crawlers (D)
  2 unseen horrors (D)
  2 kobold demonologists (D)
  A slime creature (D)
  A hornet (D)
  Sigmund (D)
  A yak (D)
  2 redbacks (D)
  2 floating eyes (D)
  An ogre (D)
  7 necrophages (D)
  8 jellies (D)
  Ijyb (D)
38 creatures vanquished.

Vanquished Creatures (others)
  2 ballistomycete spores (D)
2 creatures vanquished.

Grand Total: 40 creatures vanquished

Notes
Turn   | Place    | Note
-------+----------+-------------------------------------------
     0 | D        | mhtbhm the Minotaur Berserker began the quest for the Orb.
     0 | D        | Reached XP level 1. HP: 19/19 MP: 0/0
     1 | D        | Noticed Ijyb
    16 | D        | Killed Ijyb
    17 | D        | Reached skill level 5 in Fighting
    17 | D        | Reached skill level 5 in Polearms
    17 | D        | Reached XP level 2. HP: 24/29 MP: 1/1
   155 | D        | Noticed an ogre
   157 | D        | Killed an ogre
   158 | D        | Reached skill level 7 in Fighting
   158 | D        | Reached skill level 1 in Unarmed Combat
   158 | D        | Reached XP level 3. HP: 39/39 MP: 2/2
   158 | D        | Reached XP level 4. HP: 47/47 MP: 3/3
   230 | D        | Noticed Sigmund
   234 | D        | Killed Sigmund
   234 | D        | Reached ** piety under Trog
   235 | D        | Reached skill level 9 in Fighting
   235 | D        | Reached skill level 5 in Armour
   235 | D        | Reached skill level 5 in Dodging
   235 | D        | Reached XP level 5. HP: 58/58 MP: 4/4
   235 | D        | Reached XP level 6. HP: 66/66 MP: 5/5
   286 | D        | Found a burning altar of Makhleb.
   286 | D        | Found a viscous altar of Jiyva.
   286 | D        | Found a shimmering altar of Xom.
   286 | D        | Found a corrupted altar of Lugonu.
   286 | D        | Noticed a slime creature
   296 | D        | Killed a slime creature
   297 | D        | Reached skill level 11 in Fighting
   398 | D        | Found an ornate altar of the Wu Jian Council.
   398 | D        | Found a shimmering blue altar of Sif Muna.
   400 | D        | Found a radiant altar of Vehumet.
   494 | D        | Found Wausilau's General Store.
   494 | D        | Found an ancient bone altar of Kikubaaqudgha.
   494 | D        | Found a hazy altar of Hepliaklqana.
   494 | D        | Found a stormy altar of Qazlal.
   494 | D        | Found a hide-covered altar of Uskayaw.
   494 | D        | Found a blossoming altar of Fedhas.
   494 | D        | Found a bloodstained altar of Trog.
   494 | D        | Found an iron altar of Okawaru.
   494 | D        | Found a basalt altar of Yredelemnul.
   494 | D        | Found a glowing golden altar of the Shining One.
   494 | D        | Found a snail-covered altar of Cheibriados.
   494 | D        | Found a sacrificial altar of Ru.
   494 | D        | Found a glowing silver altar of Zin.
   494 | D        | Found a shadowy altar of Dithmenos.
   494 | D        | Found a white marble altar of Elyvilon.
   494 | D        | Noticed a yak
   507 | D        | Killed a yak
   508 | D        | Reached XP level 7. HP: 59/75 MP: 6/6
   508 | D        | Found an opulent altar of Gozag.
   509 | D        | Found a sparkling altar of Nemelex Xobeh.
   515 | D        | Bought a ring of poison resistance for 240 gold pieces
   586 | D        | Noticed Sonja
   592 | D        | Killed Sonja
   592 | D        | Reached *** piety under Trog
   593 | D        | Reached skill level 13 in Fighting
   593 | D        | Reached XP level 8. HP: 86/86 MP: 7/7
   622 | D        | Found Pulypat's Book Boutique.
   681 | D        | Noticed a deep troll
   701 | D        | Killed a deep troll
   702 | D        | Reached skill level 14 in Fighting
   702 | D        | Reached skill level 1 in Throwing
   702 | D        | Reached skill level 1 in Stealth
   721 | D        | Found Lotacoed's Armour Emporium.
   748 | D        | Noticed a centaur warrior
   748 | D        | Noticed a centaur warrior
   762 | D        | Killed a centaur warrior
   763 | D        | Reached skill level 15 in Fighting
   763 | D        | Reached XP level 9. HP: 28/97 MP: 8/8
   767 | D        | Killed a centaur warrior
   767 | D        | Reached **** piety under Trog
   768 | D        | Reached skill level 15 in Polearms
   768 | D        | Reached skill level 10 in Armour
   771 | D        | Identified the +0 ring mail "Zexkoa Ikoe" {rC+ rN+}
  1114 | D        | Reached skill level 16 in Fighting
  1310 | D        | Noticed an oklob plant
  1318 | D        | Killed an oklob plant
  1408 | D        | Reached skill level 10 in Dodging
  1462 | D        | Killed an unseen horror
  1462 | D        | Reached ***** piety under Trog
  1463 | D        | Reached XP level 10. HP: 89/110 MP: 9/9
  1553 | D        | Reached skill level 17 in Fighting
  1715 | D        | Received a gift from Trog
  1791 | D        | Received a gift from Trog
  1815 | D        | Found Riomi's Assorted Antiques.
  1815 | D        | Found Puorhe's Book Shop.
  1815 | D        | Found Fohad's Antique Weapon Boutique.
  1817 | D        | Found Qograrch's Book Emporium.
  1817 | D        | Found Pyzesar's Weapon Shop.
  1817 | D        | Found Zymolown's Antique Weapon Shoppe.
  1817 | D        | Found Barheges's Weapon Boutique.
  1817 | D        | Found Dysukk's Antique Weapon Emporium.
  1817 | D        | Found Pucre's Antique Armour Shop.
  1817 | D        | Found Ottuqaps's Antique Armour Shoppe.
  1831 | D        | Found Toolut's Antique Weapon Boutique.
  1832 | D        | Found Kiopy's Antique Weapon Emporium.
  1832 | D        | Found Geedd's Armour Boutique.
  1833 | D        | Found Execykar's Armour Emporium.
  1842 | D        | Bought a glowing halberd for 147 gold pieces
  1862 | D        | Bought a runed chain mail for 195 gold pieces
  1890 | D        | Bought an embroidered scarf for 216 gold pieces
  1943 | D        | Bought a scroll of blinking for 90 gold pieces
  1943 | D        | Bought a potion of flight for 36 gold pieces
  2072 | D        | Noticed a gargoyle
  2075 | D        | Reached skill level 18 in Fighting
  2080 | D        | Reached ****** piety under Trog
  2080 | D        | Received a gift from Trog
  2089 | D        | Killed a gargoyle
  2091 | D        | HP: 8/171 [demonic crawler (10)]
  2093 | D        | Slain by a demonic crawler

Illustrated notes

Levels and vault maps discovered:
D:        dungeon_sprint_1 [red_sonja_temple_1, red_sonja_temple_small_1]

Skill      XL: |  1  2  3  4  5  6  7  8  9 10 |
---------------+-------------------------------+-----
Fighting       | 5 7 9 11 13 15 16 18 | 18.5
Polearms       | 5 7 9 11 13 14 15 16 | 16.9
Armour         | 3 4 5 6 8 9 10 11 | 11.6
Dodging        | 3 4 5 6 7 8 10 11 | 11.6
Unarmed Combat | 1 2 3 4 |  4.0
Throwing       | 1 2 3 |  3.9
Stealth        | 1 2 3 |  3.6

Action                   |  1- 3 |  4- 6 |  7- 9 | 10-12 || total
-------------------------+-------+-------+-------+-------++-------
Melee: Unarmed           |    13 |       |       |       ||    13
       Spear             |     1 |    29 |    63 |    42 ||   135
       Headbutt          |     1 |     7 |    13 |    21 ||    42
       Punch             |       |       |     2 |     3 ||     5
       Halberd           |       |       |       |    32 ||    32
Throw: Dart              |       |       |     5 |       ||     5
Invok: Berserk           |     2 |     1 |     3 |     4 ||    10
 Stab: Sleeping          |       |       |     1 |       ||     1
Armor: Leather armour    |       |     1 |    19 |    10 ||    30
       Chain mail        |       |       |       |    18 ||    18
Dodge: Dodged            |     6 |     6 |    26 |    24 ||    62

Table legend: (Time is in decaauts)
 A = Elapsed time spent in this place.
 B = Non-inter-level travel time spent in this place.
 C = Inter-level travel time spent in this place.
 D = Time resting spent in this place.
 E = Time spent auto-exploring this place.
 F = Levels seen in this place.
 G = Mean time per level.
                   A        B        C        D        E       F      G
               +--------+--------+--------+--------+--------+-----+--------+
         Total |   2107 |   2107 |      0 |   1482 |      1 |   1 | 2107.0 |
       Dungeon |   2107 |   2107 |      0 |   1482 |      1 |   1 | 2107.0 |
               +--------+--------+--------+--------+--------+-----+--------+

Top non-repeatable levels by time:
       D: 2107 daAuts
